 Dungeon Crawl Stone Soup version 0.30-a0-313-gae38170b09 (webtiles) character file.

Game seed: 14784736878145230331

155 Caerun the Conjurer (level 5, -6/34 (38) HPs)
             Began as a Draconian Conjurer on Oct 26, 2022.
             Mangled by a wight
             ... wielding a +4 great sword of freezing
              (8 damage)
             ... on level 6 of the Dungeon.
             The game lasted 00:05:03 (2376 turns).

Caerun the Conjurer (Draconian Conjurer)            Turns: 2376, Time: 00:05:04

HP:   -6/34 (38)    AC:  9    Str: 10    XL:     5   Next: 14%
MP:   9/9           EV: 12    Int: 18    God:
Gold: 116           SH:  0    Dex: 11    Spells: 6/9 levels left

rFire   . . .      SeeInvis .    f - +1 dagger (venom)
rCold   . . .      Faith    .    (no shield)
rNeg    . . .      Spirit   .    (body armour unavailable)
rPois   .          Reflect  .    (helmet restricted)
rElec   .          Harm     .    (no cloak)
rCorr   .          Rampage  .    (no gloves)
Will    .....                    (no boots)
Stlth   ++........               (no amulet)
HPRegen 0.25/turn                i - +4 ring of protection
MPRegen 0.11/turn                (no ring)

@: about to teleport, slowed, heavily drained, very slow
A: AC +5, unfitting armour, cold-blooded
a: no special abilities


You were on level 6 of the Dungeon.
You visited 1 branch of the dungeon, and saw 4 of its levels.

You collected 142 gold pieces.
You spent 26 gold pieces at shops.

Inventory:

Hand Weapons
 f - a +1 dagger of venom (weapon)
Jewellery
 i - a +4 ring of protection (left hand)
Scrolls
 c - a scroll of teleportation
 e - a scroll of vulnerability
 g - 3 scrolls of enchant armour
 m - a scroll of poison
 n - a scroll of magic mapping {unknown}
 o - a scroll of amnesia
Potions
 a - a potion of magic
 b - 4 potions of curing
 d - a potion of lignification
 h - a potion of flight {unknown}
 j - a potion of attraction
 k - a potion of degeneration {unknown}
 l - a potion of mutation {unknown}


   Skills:
 + Level 0.2 Fighting
 + Level 1.1 Short Blades
 + Level 1.9 Dodging
 + Level 2.2 Stealth
 + Level 2.8 Spellcasting
 + Level 5.5 Conjurations


You had 6 spell levels left.
You knew the following spells:

 Your Spells              Type           Power      Damage    Failure   Level
a - Magic Dart            Conj           88%        1d7       1%          1
b - Searing Ray           Conj           44%        2d6       2%          2

Your spell library contained the following spells:

 Spells                   Type           Power      Damage    Failure   Level
 Dazzling Flash           Conj/Hex       24%        N/A       16%         3
 Fulminant Prism          Conj/Hex       6%         3d7       47%         4
 Iskenderun's Mystic Bla  Conj/Tloc      12%        2d5       47%         4
 Alistair's Intoxication  Tmut/Pois      1%         N/A       99%         5
 Borgnjor's Vile Clutch   Necr/Erth      1%         N/A       99%         5
 Eringya's Noxious Bog    Tmut/Pois      1%         N/A       100%        6


Dungeon Overview and Level Annotations

Branches:
Dungeon (6/15)
 Temple: D:4-7

Altars:
Ashenzari
Sif Muna

Shops:
D:1 [(??(


Innate Abilities, Weirdness & Mutations

Your plain brown scales are hard. (AC +5)
You cannot fit into any form of body armour.
You are cold-blooded and may be slowed by cold attacks.


Message History

The iguana is heavily wounded. (Press . to maintain the ray.)
The searing ray hits the iguana.
The iguana is severely wounded.
The iguana bites you.
The searing ray hits the iguana!
You kill the iguana!
You have reached level 5!
You see here an iguana corpse.
You start resting.
HP restored.
You start resting.
Magic restored.
Found a scroll labelled LIHABB CITUR.
An orc comes into view. It is wielding a +0 club.
Found a scroll labelled BAR METOLAIR.
You see here a scroll labelled LIHABB CITUR.
n - a scroll labelled LIHABB CITUR 3 wights come into view.
A wight is wielding a +4 great sword of freezing.
There is a stone staircase leading down here.
An orc comes into view. It is wielding a +0 mace.
The orc shouts!
The wight completely misses you.
An orc comes into view. It is wielding a +0 hand axe.
The wight attacks as you move away!
The wight hits you with a +4 great sword of freezing!!
You feel drained.
You feel yourself slow down. The wight freezes you!
The wight attacks as you move away!
The wight hits you with a +4 great sword of freezing!
* * * LOW HITPOINT WARNING * * *
You feel drained.
You feel as though you will be slow longer.
The wight freezes you.
* * * LOW HITPOINT WARNING * * *
As you read the scroll of teleportation, it crumbles to dust.
You feel strangely unstable. The wight hits you but does no damage.
The wight closely misses you.
The wight hits you with a +4 great sword of freezing!
You die...

#.# #.###
##.# #...#
#..#
###.#####o?
#.##
###........
#.#
#.....#####
#.#
####.#.#..#
#.#
##......##..#
#.###......##
#.#
#..z@...####
... #>z######
... #z## ..
#..# ##...
#z..^ .....o
.z..o. .....


You could see 3 wights.

Vanquished Creatures
  Terence (D:2)
  An iguana (D:6)
  4 adders
  A gnoll (D:1)
  A worm (D:3)
  A dart slug (D:2)
  3 ball pythons
  3 endoplasms (D:2)
  3 giant cockroaches (D:2)
  6 goblins
  6 hobgoblins
  4 kobolds
  2 quokkas (D:1)
  4 bats
  4 frilled lizards
  10 rats
54 creatures vanquished.

Notes
Turn   | Place    | Note
-------+----------+-------------------------------------------
     0 | D:1      | Caerun the Draconian Conjurer began the quest for the Orb.
     0 | D:1      | Reached XP level 1. HP: 14/14 MP: 3/3
   200 | D:1      | Found Foxotoacw's Armour Shop.
   243 | D:1      | Found Qotwuf's Weapon Boutique.
   329 | D:1      | Reached XP level 2. HP: 20/20 MP: 0/5
   458 | D:1      | Found Egutot's Magic Scroll Emporium.
   460 | D:1      | Bought a scroll of identify for 26 gold pieces
   641 | D:1      | Found Geuff's Magic Scroll Shoppe.
   699 | D:1      | Reached XP level 3. HP: 8/26 MP: 2/6
   800 | D:1      | Found Munavifox's Weapon Boutique.
   914 | D:2      | Noticed Terence
  1035 | D:2      | Identified the +3 ring mail of Qeta {rC+}
  1304 | D:2      | Killed Terence
  1305 | D:2      | Reached skill level 5 in Conjurations
  1305 | D:2      | Reached XP level 4. HP: 33/33 MP: 0/7
  1557 | D:2      | Found a shimmering blue altar of Sif Muna.
  1885 | D:3      | Learned a level 2 spell: Searing Ray
  2096 | D:3      | Reached skill level 1 in Short Blades
  2162 | D:3      | Found a broken altar of Ashenzari.
  2288 | D:3      | You fall into a shaft and drop 3 floors!
  2307 | D:6      | Reached XP level 5. HP: 34/38 MP: 3/9
  2375 | D:6      | HP: 1/34 [wight/+4 great sword of freezing (3)]
  2376 | D:6      | Mangled by a wight

Illustrated notes

Levels and vault maps discovered:
D:1:      doesnt_arrival_eight_statues, layout_loops_ring, serial_shops,
          nicolae_shop_crystal, shop, shop, shop, nicolae_shop_hallway_stairs
D:2:      layout_basic, basic_altar, uniq_terence
D:3:      layout_basic, cheibrodos_ashenzari_chains
D:6:      layout_rooms, uniq_duvessa, uniq_crazy_yiuf_cottage

Skill      XL: |  1  2  3  4 |
---------------+-------------+-----
Stealth        | 2 |  2.2
Conjurations   | 5 |  5.5
Short Blades   | 1 |  1.1
Fighting       | |  0.2
Dodging        | |  1.9
Spellcasting   | |  2.8

Action                   |  1- 3 |  4- 6 || total
-------------------------+-------+-------++-------
Melee: Dagger            |    20 |    14 ||    34
       Tailslap          |     2 |       ||     2
 Cast: Magic Dart        |    53 |    40 ||    93
       Searing Ray       |       |     1 ||     1
  Use: Scroll            |     9 |     3 ||    12
       Potion            |     1 |       ||     1
Armor: Skin              |     8 |     8 ||    16
Dodge: Dodged            |    11 |    13 ||    24

Table legend: (Time is in decaauts)
 A = Elapsed time spent in this place.
 B = Non-inter-level travel time spent in this place.
 C = Inter-level travel time spent in this place.
 D = Time resting spent in this place.
 E = Time spent auto-exploring this place.
 F = Levels seen in this place.
 G = Mean time per level.
                   A        B        C        D        E       F      G
               +--------+--------+--------+--------+--------+-----+--------+
         Total |   2374 |   2374 |      0 |     48 |   1839 |   4 |  593.5 |
       Dungeon |   2374 |   2374 |      0 |     48 |   1839 |   4 |  593.5 |
               +--------+--------+--------+--------+--------+-----+--------+

Top non-repeatable levels by time:
     D:1: 959 daAuts
     D:2: 918 daAuts
     D:3: 407 daAuts
     D:6: 88 daAuts
